AoeStats
← Coyunto90

Fortress

510607305Analyzed
1v1 RM · 10h ago on Oct 1, 2026· 51m 48s· 2 players
Game mode
Random Map
Map size
Small (3 player)
Population
200
Speed
Normal
Resources
Standard
Victory
Conquest
Starting age
Dark Age
Ending age
Imperial Age
RankedLock teamsTeams togetherTeam positionsShared explorationLock speedFull tech treeHidden civsTurbo modeCheats
Victory
Defeat
🇪🇸 Bohemians · Spain
1152
+16
🇳🇱 Saxons · Netherlands
1157
-16
Coyunto90
8:03 Feudal Age
8:38 Double-Bit Axe
8:35 Horse Collar
12:57 Castle Age
10:45 Loom
13:59 Bow Saw
16:32 Fervor
20:49 Pikeman
22:06 Squires
22:28 Scale Mail Armor
27:55 Imperial Age
25:48 Heavy Plow
25:58 Scale Barding Armor
26:21 Sanctity
27:05 Husbandry
27:29 Chain Barding Armor
28:33 Chemistry
27:50 Forging
29:50 Iron Casting
31:44 Blast Furnace
30:19 Cavalier
31:58 Conscription
32:46 Wheelbarrow
32:39 Padded Archer Armor
35:06 Leather Archer Armor
37:21 Ring Archer Armor
37:31 Siege Engineers
39:36 Fletching
40:54 Murder Holes
41:21 Light Cavalry
42:07 Bodkin Arrow
43:42 Bracer
45:20 Masonry
44:49 Elite Skirmisher
46:11 Wagenburg Tactics
46:25 Houfnice
49:03 Capped Ram
Shenmue
8:24 Feudal Age
11:58 Castle Age
10:12 Double-Bit Axe
11:37 Horse Collar
14:03 Bow Saw
15:31 Heavy Plow
15:23 Gold Mining
18:36 Wheelbarrow
18:18 Loom
22:43 Scale Mail Armor
22:54 Forging
22:49 Squires
22:35 Gambesons
24:09 Hand Cart
25:03 Arson
26:42 Chain Mail Armor
27:02 Iron Casting
26:35 Town Watch
27:39 Gold Shaft Mining
26:56 Stone Mining
32:04 Imperial Age
29:38 Town Patrol
31:51 Iron Casting
30:55 Pikeman
32:09 Elite Varangian Guard
33:12 Conscription
32:15 Halberdier
33:29 Plate Mail Armor
33:05 Scale Barding Armor
32:52 Fletching
32:25 Shield Wall
33:46 Hoardings
33:23 Siege Engineers
33:40 Ballistics
33:32 Masonry
33:33 Fortified Wall
35:00 Murder Holes
36:20 Chemistry
35:01 Capped Ram
37:55 Two-Man Saw
36:53 Bodkin Arrow
36:55 Siege Ram
39:33 Guilds
40:21 Bracer
40:22 Padded Archer Armor
40:09 Cranequins
41:18 Bloodlines
41:08 Husbandry
40:44 Heavy Mounted Crossbowman
41:32 Thumb Ring
42:41 Leather Archer Armor
50:23 Man-at-Arms
Connection lost

Rejoining the realm…

Still unreachable

The connection could not be restored.

Session expired

The server has moved on; the page needs a fresh start.